 Dungeon Crawl Stone Soup version 0.20.1-1-g8b1a95d (webtiles) character file.

5397 Folque the Destroyer (level 10, -2/63 HPs)
             Began as an Octopode Wizard on Nov 11, 2017.
             Was an Elder of Sif Muna.
             Slain by a large abomination (20 damage)
             ... on level 9 of the Dungeon.
             The game lasted 00:54:53 (12561 turns).

Folque the Destroyer (Octopode Wizard)             Turns: 12561, Time: 00:54:54

Health: -2/63      AC:  1    Str:  6    XL:     10   Next: 66%
Magic:  16/23      EV: 13    Int: 25    God:    Sif Muna [****..]
Gold:   317        SH:  0    Dex: 10    Spells: 11/27 levels left

rFire    . . .     SeeInvis .   q - +4 quarterstaff (chaos)
rCold    . . .     Gourm    .   (shield currently unavailable)
rNeg     . . .     Faith    .   a - +0 hat
rPois    .         Spirit   .   (no amulet)
rElec    .         Reflect  .   (no ring)
rCorr    .         Harm     .   (no ring)
MR       .....                  (no ring)
Stlth    +++.......             (no ring)
Regen    0.2/turn               (no ring)
MPRegen  0.2/turn               (no ring)
                                (no ring)
                                (no ring)

@: about to teleport, divine energy
A: almost no armour, stealthy swim, amphibious, 8 rings, constrict 8, camouflage
1, gelatinous body 1
a: Stop Divine Energy, Channel Magic, Forget Spell, Renounce Religion


You were on level 9 of the Dungeon.
You worshipped Sif Muna.
Sif Muna was greatly pleased with you.
You were not hungry.

You visited 2 branches of the dungeon, and saw 10 of its levels.

You collected 317 gold pieces.

Inventory:

Hand Weapons
 e - a +0 dagger
 h - a +2 dagger of venom
 k - a +0 mace
 q - a +4 quarterstaff of chaos (weapon)
 s - a +4 falchion of holy wrath
Missiles
 x - 2 throwing nets (quivered)
Armour
 a - a +0 hat (worn)
Wands
 p - a wand of polymorph (9/24)
 w - a wand of acid (8/15)
 A - a wand of polymorph (21/24)
 C - a wand of enslavement (12/24)
 G - a wand of paralysis (13/24)
 K - a wand of flame (19/48)
 N - a wand of iceblast (6/15)
Scrolls
 d - 2 scrolls of noise
 g - 10 scrolls of identify
 i - a scroll of remove curse
 m - 5 scrolls of enchant weapon
 n - a scroll of immolation
 o - a scroll of magic mapping {unknown}
 t - 2 scrolls of recharging
 u - a scroll of fear {unknown}
 v - a scroll of teleportation
 y - a scroll of amnesia {unknown}
 D - a scroll of enchant armour {unknown}
Potions
 l - 2 potions of mutation {unknown}
 r - a potion of magic {unknown}
 z - a potion of ambrosia {unknown}
 I - 2 potions of cancellation {unknown}
 J - a potion of brilliance {unknown}
Books
 b - a book of Minor Magic

   Spells                             Type                      Level
   a - Magic Dart                     Conjuration                  1
   b - Blink                          Translocation                2
   c - Call Imp                       Summoning                    2
   d - Slow                           Hexes                        2
   e - Conjure Flame                  Conjuration/Fire             3
   f - Mephitic Cloud                 Conjuration/Poison/Air       3
 B - a book of Misfortune

   Spells                             Type                      Level
   a - Confusing Touch                Hexes                        1
   b - Confuse                        Hexes                        3
   c - Gell's Gravitas                Translocation                3
   d - Petrify                        Transmutation/Earth          4
   e - Metabolic Englaciation         Hexes/Ice                    5
   f - Yara's Violent Unravelling     Hexes/Transmutation          5
 F - a book of Callings

   Spells                             Type                      Level
   a - Summon Small Mammal            Summoning                    1
   b - Call Imp                       Summoning                    2
   c - Call Canine Familiar           Summoning                    3
   d - Summon Guardian Golem          Hexes/Summoning              3
   e - Summon Lightning Spire         Summoning/Air                4
   f - Summon Ice Beast               Ice/Summoning                4
Miscellaneous
 M - a lightning rod (4/4)
Comestibles
 c - 5 bread rations
 f - 2 meat rations
 j - 3 royal jellies
 L - 2 fruits


   Skills:
 - Level 3.0 Fighting
 - Level 1.0 Long Blades
 - Level 1.0 Staves
 - Level 2.0 Dodging
 - Level 2.6 Stealth
 - Level 9.0 Spellcasting
 - Level 10.4 Conjurations
 * Level 3.5 Summonings
 - Level 1.0 Translocations
 - Level 2.1 Ice Magic
 + Level 0.0 Air Magic
 - Level 3.1 Poison Magic
 * Level 2.5 Invocations


You had 11 spell levels left.
You knew the following spells:

 Your Spells              Type           Power        Failure   Level  Hunger
a - Magic Dart            Conj           ####         1%          1    None
b - Call Imp              Summ           ####....     1%          2    None
c - Blink                 Tloc           N/A          5%          2    None
d - Mephitic Cloud        Conj/Pois/Air  ####....     2%          3    None
e - Summon Ice Beast      Ice/Summ       ####....     17%         4    ##.....
f - Summon Lightning Spi  Summ/Air       ###.....     26%         4    ##.....


Dungeon Overview and Level Annotations

Branches:
Dungeon (9/15)             Temple (1/1) D:5            Lair (0/6) D:8
    Orc: D:9-12

Altars:
Ashenzari
Cheibriados
Dithmenos
Elyvilon
Fedhas
Gozag
Hepliaklqana
Kikubaaqudgha
Makhleb
Nemelex Xobeh
Okawaru
Qazlal
Ru
Sif Muna
Trog
Uskayaw
Vehumet
Xom
Yredelemnul
Zin
The Shining One

Annotations:
D:9 Gastronok


Innate Abilities, Weirdness & Mutations

You cannot wear most types of armour.
You are very stealthy in the water. (Stealth+)
You are amphibious.
You can wear up to eight rings at the same time.
You can use your tentacles to constrict eight enemies at once.
Your skin changes colour to match your surroundings (Stealth+).
Your rubbery body absorbs attacks. (AC +1, EV +1)


Message History

You blink.
The small abomination barely misses you.
Casting: Blink
Confirm with . or Enter, or press ? or * to list all spells.
You blink.
The large abomination hits you!!
Casting: Blink
Confirm with . or Enter, or press ? or * to list all spells.
You miscast Blink.
Sif Muna protects you from the effects of your miscast!
The large abomination hits you!
* * * LOW HITPOINT WARNING * * *
The small abomination hits you.
* * * LOW HITPOINT WARNING * * *
Casting: Blink
Confirm with . or Enter, or press ? or * to list all spells.
You blink.
As you read the scroll of teleportation, it crumbles to dust.
You feel strangely unstable.
You feel better. The large abomination hits you!!
You die...

#.......).###.######
#..._.....#.........
#.........(....#####
#...ยง......##..#
##........###..#
#..........##..#
#..x.......##...
#..X..........#..##
#..@......#..###...#
#.........#..# ..
##.......#.... ####
##.....##.## ....
####.>.. . ### .####
# . #. # .. #.##
#...


You could see a large abomination and a small abomination.

Vanquished Creatures
  A wizard (D:9)
  Pikel (D:5)
  Eustachio (D:4)
  A hungry ghost (D:7)
  2 porcupines (D:8)
  3 sky beasts
  3 orc warriors (D:8)
  2 black bears
  4 phantoms
  3 centaurs
  3 ogres
  4 big kobolds
  5 bullfrogs
  2 scorpions
  Dowan (D:5)
  5 killer bees (D:8)
  A wight (D:5)
  A howler monkey (D:5)
  7 crimson imps
  A centaur zombie (D:8)
  3 orc wizards
  A hound (D:7)
  6 orc priests
  A centaur skeleton (D:6)
  Crazy Yiuf (D:2)
  Terence (D:2)
  2 iguanas
  2 worker ants
  6 adders
  3 gnolls (D:3)
  An ooze (D:5)
  A worm (D:2)
  3 dart slugs
  3 leopard geckos
  20 orcs
  6 giant cockroaches
  4 goblins
  A hobgoblin (D:1)
  10 jackals
  4 quokkas
  6 bats
  4 frilled lizards
  A jackal skeleton (D:4)
  23 kobolds
  10 rats
  8 fungi
  2 plants (D:8)
184 creatures vanquished.

Vanquished Creatures (collateral kills)
  The ghost of Frank the Slasher, a novice OpFi of Dithmenos (D:5)
  A hippogriff (D:9)
  A porcupine (D:8)
  An orc warrior (D:7)
  Duvessa (D:4)
  3 ice beasts
  A scorpion (D:8)
  A killer bee (D:8)
  2 wights (D:5)
  An iguana (D:7)
  4 adders
  A worm (D:2)
  A bat (D:2)
  A giant cockroach (D:2)
  A goblin (D:2)
  A jackal (D:5)
  4 kobolds (D:8)
26 creatures vanquished.

Vanquished Creatures (others)
  A slave (D:5)
  A jackal (D:5)
  9 fungi (D:8)
  A plant (D:8)
12 creatures vanquished.

Grand Total: 222 creatures vanquished

Notes
Turn   | Place    | Note
-------+----------+-------------------------------------------
     0 | D:1      | Folque the Octopode Wizard began the quest for the Orb.
     0 | D:1      | Reached XP level 1. HP: 11/11 MP: 4/4
   246 | D:1      | Reached skill level 1 in Fighting
   405 | D:1      | Reached XP level 2. HP: 7/18 MP: 4/6
   412 | D:1      | Learned a level 2 spell: Call Imp
   415 | D:1      | Learned a level 2 spell: Blink
   964 | D:2      | Reached XP level 3. HP: 14/24 MP: 7/7
   975 | D:1      | Learned a level 3 spell: Mephitic Cloud
  1360 | D:2      | Noticed Terence
  1495 | D:2      | Killed Terence
  1495 | D:2      | Reached skill level 1 in Poison Magic
  1495 | D:2      | Reached XP level 4. HP: 13/29 MP: 1/9
  2269 | D:2      | Found a runed door.
  2273 | D:2      | Noticed Crazy Yiuf
  2286 | D:2      | Killed Crazy Yiuf
  2286 | D:2      | Reached XP level 5. HP: 34/34 MP: 4/10
  2745 | D:3      | Reached skill level 2 in Conjurations
  3447 | D:4      | Noticed Eustachio
  3463 | D:4      | Killed Eustachio
  3463 | D:4      | Reached skill level 3 in Conjurations
  3463 | D:4      | Reached XP level 6. HP: 21/39 MP: 6/12
  3809 | D:4      | Noticed a phantom
  3821 | D:4      | Killed a phantom
  3821 | D:4      | Reached skill level 4 in Conjurations
  3919 | D:4      | Reached XP level 7. HP: 39/45 MP: 14/14
  4019 | D:5      | Entered Level 5 of the Dungeon
  4054 | D:5      | Noticed Dowan
  4055 | D:5      | Noticed Duvessa
  4224 | D:5      | Reached skill level 5 in Spellcasting
  4256 | D:5      | Reached skill level 5 in Conjurations
  4258 | D:5      | Noticed Frank's ghost (novice OpFi)
  4299 | D:5      | Killed Frank's ghost
  4627 | D:5      | Found a staircase to the Ecumenical Temple.
  4637 | Temple   | Entered the Ecumenical Temple
  4800 | Temple   | Became a worshipper of Sif Muna the Loreminder
  5003 | D:5      | Reached skill level 6 in Conjurations
  5003 | D:5      | Reached XP level 8. HP: 34/50 MP: 13/16
  5127 | D:5      | Noticed Pikel
  5146 | D:5      | Killed Pikel
  5146 | D:5      | Reached * piety under Sif Muna
  5146 | D:5      | Reached skill level 7 in Conjurations
  5721 | D:5      | Killed Dowan
  5780 | D:4      | Killed Duvessa
  5928 | D:6      | Found a glowing silver altar of Zin.
  5931 | D:6      | Found a stormy altar of Qazlal.
  6033 | D:6      | Reached skill level 8 in Conjurations
  6248 | D:6      | Reached XP level 9. HP: 54/54 MP: 10/19
  7279 | D:5      | Reached skill level 9 in Conjurations
  7702 | D:7      | Reached ** piety under Sif Muna
  9369 | D:7      | Reached skill level 10 in Conjurations
 10375 | D:8      | Reached *** piety under Sif Muna
 10393 | D:9      | Noticed Gastronok
 10962 | D:8      | Reached skill level 1 in Long Blades
 11033 | D:8      | Reached XP level 10. HP: 63/63 MP: 13/22
 11163 | D:8      | Reached skill level 1 in Staves
 11591 | D:8      | Learned a level 4 spell: Summon Ice Beast
 11596 | D:8      | Learned a level 4 spell: Summon Lightning Spire
 11681 | D:8      | Paralysed by a big kobold for 6 turns
 11941 | D:8      | Reached skill level 1 in Ice Magic
 11965 | D:8      | Found a staircase to the Lair.
 12335 | D:9      | Found a bloodstained altar of Trog.
 12407 | D:9      | Reached skill level 1 in Invocations
 12515 | D:9      | Noticed a wizard
 12522 | D:9      | Killed a wizard
 12522 | D:9      | Reached **** piety under Sif Muna
 12527 | D:9      | Noticed a large abomination
 12561 | D:9      | Slain by a large abomination

Skill      XL: |  1  2  3  4  5  6  7  8  9 10 |
---------------+-------------------------------+-----
Fighting       | 1 2 3 |  3.0
Poison Magic   | 1 2 3 |  3.1
Conjurations   | 3 4 6 8 10 | 10.4
Spellcasting   | 4 5 6 8 9 |  9.0
Long Blades    | 1 |  1.0
Staves         | 1 |  1.0
Summonings     | 3 |  3.5
Ice Magic      | 2 |  2.1
Invocations    | 2 |  2.5
Dodging        | |  2.0
Stealth        | |  2.6
Translocations | |  1.0

Action                   |  1- 3 |  4- 6 |  7- 9 | 10-12 || total
-------------------------+-------+-------+-------+-------++-------
Melee: Dagger            |    53 |    41 |       |       ||    94
       Unarmed           |     4 |       |     9 |       ||    13
       Tentacles         |     9 |    12 |    26 |    14 ||    61
       Constrict         |    14 |    18 |    39 |    31 ||   102
       Mace              |    13 |       |       |       ||    13
       Quarterstaff      |       |    52 |   138 |   109 ||   299
       Falchion          |       |     9 |    76 |    27 ||   112
 Cast: Magic Dart        |     5 |     3 |    25 |    10 ||    43
       Call Imp          |     4 |     1 |    67 |    11 ||    83
       Mephitic Cloud    |     2 |     6 |    33 |    25 ||    66
       Blink             |     1 |     1 |    27 |    12 ||    41
       Summon Ice Beast  |       |       |       |     3 ||     3
Invok: Divine Energy     |       |       |     1 |       ||     1
Evoke: Wand              |       |       |     2 |       ||     2
  Use: Scroll            |     3 |       |     7 |     1 ||    11
       Potion            |       |       |       |     1 ||     1
 Stab: Sleeping          |     8 |     7 |     3 |     1 ||    19
       Confused          |     2 |     4 |     7 |     3 ||    16
       Petrifying        |       |       |     1 |       ||     1
       Petrified         |       |       |     4 |     3 ||     7
  Eat: Chunk             |     2 |     5 |    11 |     6 ||    24
       Bread ration      |       |     1 |       |       ||     1
       Meat ration       |       |       |     2 |       ||     2
       Fruit             |       |       |     2 |       ||     2
Armor: Skin              |     3 |     7 |     5 |     4 ||    19
Dodge: Dodged            |    41 |    32 |   128 |    58 ||   259
       Rpst.: Falchion   |       |       |    17 |     4 ||    21
